AoeStats
← Cinnamoroll

African Clearing

505162198Analyzed
4v4 RM · 25d ago on Sep 8, 2026· 28m 32s· 8 players
Game mode
Random Map
Map size
Large (8 player)
Population
200
Speed
Normal
Resources
Standard
Victory
Conquest
Starting age
Dark Age
Ending age
Imperial Age
RankedLock teamsTeams togetherTeam positionsShared explorationLock speedFull tech treeHidden civsTurbo modeCheats
Victory
Defeat
🇲🇽 Mongols · Mexico
1649
+11
🇲🇽 Spanish · Mexico
1600
+12
🇲🇽 Mapuche · Mexico
1458
+18
🇲🇽 Berbers · Mexico
1413
+19
🇨🇦 Vikings · Canada
1562
-17
🇧🇷 Bohemians · Brazil
1541
-16
🇨🇳 Burmese · China
1512
-15
🇨🇳 Khmer · China
1444
-12
PNLN | maromba_aoe
5:14 Loom
13:44 Feudal Age
22:04 Castle Age
21:17 Double-Bit Axe
Cinnamoroll
12:22 Loom
15:28 Feudal Age
19:57 Castle Age
18:12 Double-Bit Axe
19:00 Fishing Lines
20:22 Fletching
24:06 Ballistics
24:10 Bodkin Arrow
25:25 Elite Skirmisher
27:28 Padded Archer Armor
27:12 Horse Collar
27:54 Bow Saw
JITUI1379
6:01 Loom
13:09 Feudal Age
13:38 Town Watch
14:52 Wheelbarrow
15:12 Fletching
825889483
8:58 Loom
29:49 Feudal Age
Vx | Boomin
12:40 Feudal Age
14:27 Loom
17:07 Castle Age
15:21 Double-Bit Axe
18:23 Padded Archer Armor
24:20 Horse Collar
27:44 Leather Archer Armor
28:44 Wheelbarrow
VX | Hitmonchan
8:45 Loom
11:39 Feudal Age
19:06 Double-Bit Axe
26:08 Castle Age
24:38 Fletching
25:15 Padded Archer Armor
27:30 Bodkin Arrow
29:12 Bow Saw
VL Droga0
7:54 Loom
13:09 Feudal Age
18:41 Castle Age
VX | JARV
4:07 Loom
12:26 Feudal Age
13:09 Double-Bit Axe
21:29 Castle Age
20:51 Bloodlines
20:53 Forging
20:54 Scale Barding Armor
20:37 Horse Collar
22:32 Forging
22:42 Bow Saw
26:48 Husbandry
27:07 Heavy Plow
Connection lost

Rejoining the realm…

Still unreachable

The connection could not be restored.

Session expired

The server has moved on; the page needs a fresh start.